 Dungeon Crawl Stone Soup version 0.21.1-1-g345015f (webtiles) character file.

2721 nicolaieve the Cleaver (level 9, -3/79 HPs)
             Began as a Minotaur Berserker on July 6, 2018.
             Was an Elder of Trog.
             Slain by an orc warrior
             ... wielding a +0 short sword
              (5 damage)
             ... on level 8 of the Dungeon.
             The game lasted 00:19:22 (5034 turns).

nicolaieve the Cleaver (Minotaur Berserker)         Turns: 5034, Time: 00:19:23

Health: -3/79      AC: 10    Str: 26    XL:     9   Next: 39%
Magic:  8/8        EV: 11    Int:  4    God:    Trog [****..]
Gold:   287        SH:  0    Dex:  9    Spells: 8/8 levels left

rFire    . . .     SeeInvis .   a - +0 hand axe
rCold    . . .     Gourm    .   (no shield)
rNeg     . . .     Faith    .   g - +0 scale mail
rPois    .         Spirit   .   (helmet restricted)
rElec    .         Reflect  .   (no cloak)
rCorr    .         Harm     .   x - +0 pair of gloves
MR       ++...     Rnd*Tele +   F - +0 pair of boots
Stlth    ..........             (no amulet)
HPRegen  1.23/turn              l - ring of loudness (curse)
MPRegen  0.11/turn              o - ring of teleportation (curse)

@: berserk cooldown, regenerating, slowed, very slow
A: retaliatory headbutt, horns 2
a: Berserk, Trog's Hand, Brothers in Arms, Burn Spellbooks, Renounce Religion


You were on level 8 of the Dungeon.
You worshipped Trog.
Trog was greatly pleased with you.
You were very hungry.

You visited 1 branch of the dungeon, and saw 8 of its levels.

You collected 287 gold pieces.

Inventory:

Hand Weapons
 a - a +0 hand axe (weapon)
 e - a +2 whip of freezing
Armour
 g - a +0 scale mail (worn)
 x - a +0 pair of gloves (worn)
 F - a +0 pair of boots (worn)
Jewellery
 l - a cursed ring of loudness (left hand)
 o - a cursed ring of teleportation (right hand)
 w - a cursed ring of protection from fire {unknown}
 y - an uncursed ring of wizardry {unknown}
 A - a +6 ring of dexterity {unknown}
Wands
 n - a wand of iceblast (27)
Scrolls
 b - a scroll of immolation {unknown}
 d - a scroll of identify
 h - 8 scrolls of teleportation
 k - 2 scrolls of enchant armour
 p - a scroll of blinking {unknown}
 q - a scroll of enchant weapon {unknown}
 r - 2 scrolls of remove curse {unknown}
 z - a scroll of noise {unknown}
 B - a scroll of fog {unknown}
 C - a scroll of random uselessness {unknown}
Potions
 i - 3 potions of curing
 j - a potion of might
 m - 2 potions of resistance
 s - a potion of ambrosia
 t - 2 potions of brilliance
 u - a potion of berserk rage
 v - a potion of mutation
Comestibles
 c - 11 rations


   Skills:
 + Level 7.1 Fighting
 * Level 12.2 Axes
 + Level 8.0 Armour
 - Level 2.1 Dodging


You had 8 spell levels left.
You didn't know any spells.

Dungeon Overview and Level Annotations

Branches:
Dungeon (8/15)             Temple (0/1) D:5
   Lair: D:8-11

Altars:
Ashenzari
Cheibriados
Fedhas
Hepliaklqana
Nemelex Xobeh
Sif Muna
Trog

Shops:
D:5 }


Innate Abilities, Weirdness & Mutations

You reflexively headbutt those who attack you in melee.
You have a pair of horns on your head.


Message History

The orc warrior barely misses you.
Things that are here:
a porcupine corpse; a yak corpse The orc warrior hits you with a short sword.
* * * LOW HITPOINT WARNING * * *
Unknown command.
Okay, then.
The orc warrior completely misses you. You furiously retaliate!
You headbutt the orc warrior.
The orc warrior hits you with a short sword.
* * * LOW HITPOINT WARNING * * *
You slash the orc warrior!
You headbutt the orc warrior, but do no damage.
The orc warrior is almost dead.
The orc warrior hits you with a short sword!
* * * LOW HITPOINT WARNING * * *
You closely miss the orc warrior.
The orc warrior is almost dead.
The orc warrior hits you with a short sword.
You die...

#. ####### #. #.. ..#
#. #.# #.# #.
####.###.#
######.######......#.#
........#........#.#<#
..........###@##.#.#.#
...P....#.###o##.#.#.#
P...PP†P†.....##.....#
...P.P..#†######.###.#
.PP.P.........(..# #.#
####P.PP..######## #.#
#P.P...# #.# #P....##
#.# #PPP... #.#


You could see an orc warrior.

Vanquished Creatures
  Pikel (D:7)
  Sigmund (D:4)
  A yak (D:8)
  A hungry ghost (D:8)
  Menkaure (D:7)
  2 porcupines (D:8)
  2 slaves (D:7)
  2 ice beasts
  A crocodile (D:8)
  3 scorpions
  6 killer bees (D:7)
  A howler monkey (D:8)
  The ghost of dscm the Digger, a weakling OpEE (D:3)
  2 crimson imps
  2 jellies
  A quasit (D:7)
  A centaur zombie (D:5)
  A bullfrog zombie (D:5)
  An orc wizard (D:7)
  A bullfrog skeleton (D:6)
  3 hounds
  An iguana (D:5)
  5 worker ants
  2 worker ant zombies
  4 gnolls (D:5)
  12 adders
  2 shadow imps
  3 oozes
  2 worms
  3 dart slugs
  5 leopard geckos
  19 orcs
  A ball python (D:4)
  8 goblins
  3 hobgoblins
  3 quokkas
  A ball python skeleton (D:5)
  10 bats
  3 frilled lizards
  9 kobolds
  2 quokka skeletons
  8 rats
141 creatures vanquished.

Vanquished Creatures (others)
  A slave (D:7)
1 creature vanquished.

Grand Total: 142 creatures vanquished

Notes
Turn   | Place    | Note
-------+----------+-------------------------------------------
     0 | D:1      | nicolaieve the Minotaur Berserker began the quest for the Orb.
     0 | D:1      | Reached XP level 1. HP: 19/19 MP: 0/0
    85 | D:1      | Reached skill level 4 in Axes
   141 | D:1      | Reached XP level 2. HP: 25/27 MP: 1/1
   768 | D:2      | Noticed an ice beast
   775 | D:2      | Reached ** piety under Trog
   775 | D:2      | Reached XP level 3. HP: 33/33 MP: 2/2
   776 | D:2      | Killed an ice beast
   776 | D:2      | Reached skill level 5 in Axes
   776 | D:2      | Reached XP level 4. HP: 38/41 MP: 3/3
   779 | D:2      | Reached skill level 6 in Axes
   780 | D:2      | Reached XP level 5. HP: 43/47 MP: 4/4
   974 | D:2      | Found a shattered altar of Ashenzari.
  1059 | D:2      | Found a bloodstained altar of Trog.
  1319 | D:3      | Noticed dscm's ghost (weakling OpEE)
  1330 | D:3      | Killed dscm's ghost
  1334 | D:3      | Reached skill level 7 in Axes
  1367 | D:3      | Reached XP level 6. HP: 49/55 MP: 5/5
  1406 | D:3      | Reached *** piety under Trog
  1595 | D:3      | Found a hazy altar of Hepliaklqana.
  1604 | D:3      | Found a deep blue altar of Sif Muna.
  1943 | D:4      | Found a snail-covered altar of Cheibriados.
  2010 | D:4      | Noticed Sigmund
  2031 | D:4      | Reached skill level 5 in Fighting
  2037 | D:4      | Killed Sigmund
  2037 | D:4      | Reached skill level 8 in Axes
  2091 | D:4      | Noticed an ice beast
  2097 | D:4      | Killed an ice beast
  2097 | D:4      | Reached XP level 7. HP: 60/61 MP: 6/6
  2292 | D:5      | Entered Level 5 of the Dungeon
  2356 | D:5      | Reached skill level 9 in Axes
  2408 | D:5      | Found Jafu Kaqi's Gadget Boutique.
  2413 | D:5      | Found a sparkling altar of Nemelex Xobeh.
  3110 | D:5      | Reached **** piety under Trog
  3125 | D:5      | Found a staircase to the Ecumenical Temple.
  3493 | D:6      | Reached skill level 5 in Armour
  3506 | D:6      | Reached XP level 8. HP: 64/70 MP: 7/7
  4074 | D:7      | Reached skill level 10 in Axes
  4213 | D:7      | Noticed Pikel
  4217 | D:7      | Noticed Menkaure
  4228 | D:7      | Killed Pikel
  4231 | D:7      | Killed Menkaure
  4231 | D:7      | Reached skill level 11 in Axes
  4293 | D:7      | Reached XP level 9. HP: 32/78 MP: 8/8
  4853 | D:7      | Found a blossoming altar of Fedhas.
  5014 | D:8      | Reached skill level 12 in Axes
  5033 | D:8      | HP: 1/79 [orc warrior/short sword (10)]
  5034 | D:8      | Slain by an orc warrior

Skill      XL: |  1  2  3  4  5  6  7  8  9 |
---------------+----------------------------+-----
Axes           | 4 5 6 7 8 9 11 12 | 12.2
Fighting       | 4 5 6 7 |  7.1
Armour         | 3 4 5 7 8 |  8.0
Dodging        | |  2.1

Action                   |  1- 3 |  4- 6 |  7- 9 || total
-------------------------+-------+-------+-------++-------
Melee: Hand axe          |    52 |   127 |   195 ||   374
       Headbutt          |     5 |    21 |    38 ||    64
Invok: Berserk           |     1 |     4 |     4 ||     9
       Trog's Hand       |       |       |     2 ||     2
  Use: Scroll            |       |     5 |     5 ||    10
  Eat: Chunk             |       |     8 |    11 ||    19
       Ration            |       |       |     1 ||     1
Armor: Ring mail         |     1 |       |       ||     1
       Scale mail        |    18 |    55 |    55 ||   128
Dodge: Dodged            |    36 |    58 |   124 ||   218
